 Dungeon Crawl Stone Soup version 0.25-a0-435-g4b9beb1024 (webtiles) character file.

Game seed: 14070562473415325354, levelgen mode: deterministic

126 Archen the Chopper (level 4, -2/41 HPs)
             Began as a Minotaur Berserker on Jan 28, 2020.
             Was a Believer of Trog.
             Slain by Robin
             ... wielding a +2 trident of freezing
              (3 damage)
             ... on level 3 of the Dungeon.
             The game lasted 00:05:41 (1497 turns).

Archen the Chopper (Minotaur Berserker)             Turns: 1497, Time: 00:05:41

Health: -2/41      AC:  5    Str: 23    XL:     4   Next: 84%
Magic:  3/3        EV: 12    Int:  4    God:    Trog [**....]
Gold:   28         SH:  0    Dex:  9    Spells: 3/3 levels left

rFire    . . .     SeeInvis .   a - +1 hand axe
rCold    . . .     Gourm    .   (no shield)
rNeg     . . .     Faith    .   j - +0 leather armour (curse)
rPois    .         Spirit   .   (helmet restricted)
rElec    .         Reflect  .   (no cloak)
rCorr    .         Harm     .   n - +1 pair of gloves
MR       .....                  (no boots)
Stlth    +.........             (no amulet)
HPRegen  0.13/turn              s - ring of flight
MPRegen  0.08/turn              (no ring)

@: berserk cooldown, slowed, very slow
A: retaliatory headbutt, horns 2
a: Berserk, Trog's Hand, Renounce Religion, Evoke Flight


You were on level 3 of the Dungeon.
You worshipped Trog.
Trog was pleased with you.
You were hungry.

You visited 1 branch of the dungeon, and saw 3 of its levels.

You collected 28 gold pieces.

Inventory:

Hand Weapons
 a - a +1 hand axe (weapon)
 k - a +0 hand axe
Armour
 j - a cursed +0 leather armour (worn)
 n - a +1 pair of gloves (worn)
 p - a +0 chain mail
Jewellery
 s - a ring of flight (left hand)
Scrolls
 d - a scroll of enchant weapon
 e - a scroll of teleportation
 g - a scroll of fog
 m - 2 scrolls of identify
 o - a scroll of blinking
Potions
 b - a potion of resistance {unknown}
 f - a potion of might {unknown}
 h - a potion of magic {unknown}
 l - a potion of mutation {unknown}
 q - a potion of haste {unknown}
 r - a potion of ambrosia {unknown}
Comestibles
 c - 8 rations
 i - 6 chunks of flesh


   Skills:
 + Level 4.4 Fighting
 * Level 5.1 Axes
 + Level 3.4 Armour
 + Level 3.1 Dodging


You had 3 spell levels left.
You didn't know any spells.
Your spell library was empty.

Dungeon Overview and Level Annotations

Branches:
Dungeon (3/15)

Altars:
Makhleb
Ru

Annotations:
D:3 Robin


Innate Abilities, Weirdness & Mutations

You reflexively headbutt those who attack you in melee.
You have a pair of horns on your head.


Message History

You closely miss the goblin. You headbutt the goblin.
You kill the goblin!
Trog accepts your kill.
Robin hits you from afar with a +2 trident of freezing!
Robin freezes you. Robin closely misses you.
Found 16 gold pieces.
Things that are here:
a cursed -2 dagger; a goblin corpse A giant cockroach comes into view.
The giant cockroach moves out of view.
Robin hits you from afar with a +2 trident of freezing.
* * * LOW HITPOINT WARNING * * *
Robin freezes you.
* * * LOW HITPOINT WARNING * * *
The giant cockroach barely misses you.
Robin hits you from afar with a +2 trident of freezing.
* * * LOW HITPOINT WARNING * * *
Robin freezes you.
You die...

...........###
.g...........
...$.......###
..........ggw#
...g....g..#.##
.......<.hh#)h#
...........##)#
...........##h##########
...........#..g.@s......
(..w#^.....<.#.#######..
...........###.#
.....[...... ...
.............#... ...
#....$ ... # ...## ..##


You could see Robin, a jackal and a giant cockroach.

Vanquished Creatures
  Jessica (D:3)
  A worker ant (D:3)
  3 worms (D:2)
  3 dart slugs (D:1)
  2 leopard geckos (D:1)
  2 giant cockroaches
  11 goblins
  6 hobgoblins
  6 jackals
  8 kobolds
  A quokka (D:3)
  4 bats
  5 rats
53 creatures vanquished.

Notes
Turn   | Place    | Note
-------+----------+-------------------------------------------
     0 | D:1      | Archen the Minotaur Berserker began the quest for the Orb.
     0 | D:1      | Reached XP level 1. HP: 19/19 MP: 0/0
    14 | D:1      | Reached XP level 2. HP: 20/27 MP: 1/1
    93 | D:1      | Reached skill level 4 in Axes
   737 | D:1      | Reached XP level 3. HP: 33/33 MP: 2/2
  1217 | D:2      | Found a burning altar of Makhleb.
  1227 | D:2      | Found a sacrificial altar of Ru.
  1256 | D:2      | Reached ** piety under Trog
  1471 | D:3      | Noticed Jessica
  1471 | D:3      | Noticed Robin
  1480 | D:3      | Reached XP level 4. HP: 40/40 MP: 3/3
  1486 | D:3      | Killed Jessica
  1486 | D:3      | Reached skill level 5 in Axes
  1497 | D:3      | HP: 1/41 [Robin/+2 trident of freezing (6)]
  1497 | D:3      | Slain by Robin

Levels and vault maps discovered:
D:1:      saegor_arrival_simple_a, layout_basic, kennysheep_nondescript
D:2:      layout_basic, overflow_temple_1_default, first_ration,
          nicolae_ru_awakened_eye
D:3:      layout_rooms, glass_columns_a, uniq_ijyb, uniq_grinder, uniq_jessica,
          uniq_natasha, uniq_robin

Skill      XL: |  1  2  3  4 |
---------------+-------------+-----
Axes           | 4 5 |  5.1
Fighting       | 4 |  4.4
Armour         | 3 |  3.4
Dodging        | 3 |  3.1

Action                   |  1- 3 |  4- 6 || total
-------------------------+-------+-------++-------
Melee: Hand axe          |    78 |    11 ||    89
       Headbutt          |    13 |     3 ||    16
Invok: Berserk           |     1 |       ||     1
  Use: Scroll            |     5 |       ||     5
  Eat: Chunk             |     2 |       ||     2
Armor: Animal skin       |     3 |       ||     3
       Leather armour    |    20 |     7 ||    27
Dodge: Dodged            |    52 |     8 ||    60

Table legend:
 A = Non-vault XP
 B = Vault XP
 C = Vault XP percentage of total XP
 D = Non-vault monster count
 E = Vault monster count
 F = Vault count percentage of total count
                 A         B        C        D         E       F
            +---------+---------+-------+---------+---------+-------
      Total |     129 |      52 |  28.7 |      44 |       9 |  17.0
            +---------+---------+-------+---------+---------+-------
        D:1 |      44 |       0 |   0.0 |      21 |       0 |   0.0
        D:2 |      41 |       0 |   0.0 |      18 |       0 |   0.0
        D:3 |      44 |      52 |  54.2 |       5 |       9 |  64.3
            +---------+---------+-------+---------+---------+-------
